 Dungeon Crawl Stone Soup version bcrawl-1.34.3 (webtiles) character file.

Game seed: 10481729291608837675

209602 KristoblXynda the Slasher (level 6, -6/55 HPs)
             Began as a Draconian Gladiator on Oct 8, 2021.
             Killed by divine providence
             ... invoked by an orc priest
              (10 damage)
             ... on level 3 of the Dungeon.
             The game lasted 00:04:21 (2862 turns).

KristoblXynda the Slasher (Draconian Gladiator)     Turns: 2862, Time: 00:04:22

Health: -6/55      AC:  7    Str: 17    XL:     6   Next: 57%
Magic:  6/6        EV: 18    Int: 18    God:
Gold:   146        SH:  4    Dex: 12    Spells: 5/5 levels left

rFire    . . .     SeeInvis .   r - +1 scimitar
rCold    . . .     Gourm    .   (no shield)
rNeg     . . .     Faith    .   (armour unavailable)
rPois    .         Spirit   .   b - +1 hat
rElec    .         Reflect  +   (no cloak)
rCorr    .         Harm     .   (no gloves)
MR       .....                  (no boots)
Stlth    +.........             o - +3 amulet of reflection
HPRegen  0.18/turn              m - +8 ring of intelligence
MPRegen  0.10/turn              n - +5 ring of evasion

@: lethally poisoned (-6 -> -8)
A: unfitting armour, cold-blooded, AC +6
a: no special abilities


You were on level 3 of the Dungeon.
You were hungry.

You visited 1 branch of the dungeon, and saw 3 of its levels.

You collected 146 gold pieces.

Inventory:

Hand Weapons
 a - a +0 long sword
 r - a +1 scimitar (weapon)
Missiles
 c - 3 throwing nets (quivered) {=f}
Armour
 b - a +1 hat (worn)
Jewellery
 m - a +8 ring of intelligence (left hand)
 n - a +5 ring of evasion (right hand)
 o - a +3 amulet of reflection (around neck)
 p - an uncursed ring of positive energy
Scrolls
 g - a scroll of fear {unknown}
 i - a scroll of magic mapping {unknown}
 k - a scroll of teleportation
Potions
 d - a potion of heal wounds
 f - a potion of flight
 h - a potion of lignification {unknown}
 l - 2 potions of ambrosia
Comestibles
 e - 5 rations {!d}


   Skills:
 + Level 4.9 Fighting
 * Level 5.6 Long Blades
 - Level 2.0 Throwing
 + Level 4.1 Dodging


You had 5 spell levels left.
You didn't know any spells.
Your spell library was empty.

Dungeon Overview and Level Annotations

Branches:
Dungeon (3/12)

Altars:
Fedhas


Innate Abilities, Weirdness & Mutations

Your plain brown scales are hard. (AC +6)
You cannot fit into any form of body armour.
You are cold-blooded and may be slowed by cold attacks.


Message History

You slash the orc!
You kill the orc!
You feel sick.
You hit the worm. You tail-slap the worm.
The worm is severely wounded.
The worm bites you!
* * * LOW HITPOINT WARNING * * *
You block the worm's attack.
You hit the worm.
The worm is severely wounded.
The worm barely misses you. You block the worm's attack.
You feel sick.
No path to travel!
You see here a ration {!d}.
An orc comes into view. It is wielding a +0 dagger.
An orc comes into view. It is wielding a +0 hand axe.
The orc shouts!
The orc priest shouts!
The orc shouts!
The orc priest mumbles some strange prayers to Beogh against you.
Beogh smites you!
You die...

.........# #......#.....#+##
.........# #......#........#
......wo)####......##...#...#
#.....###....................
###.....))w..###.............
.....#..)....###.............
.....#..w.%..#...≈≈≈........#
...............≈≈≈≈≈≈≈.......
............@.≈≈≈≈≈≈≈≈≈..#...
.....##.....≈≈≈≈≈≈≈≈≈≈≈.#...
.........#.[≈≈≈≈..≈≈≈≈.....
....o(.≈≈≈≈≈≈≈≈≈≈≈.....
....≈≈≈≈≈≈≈≈≈......


You could see 2 worms, an orc priest and an orc.

Vanquished Creatures
  2 orc priests (D:3)
  A crimson imp (D:2)
  A bullfrog skeleton (D:3)
  4 orc wizards (D:3)
  3 adders
  9 worms
  5 dart slugs
  3 leopard geckos
  20 orcs (D:3)
  3 giant cockroaches
  3 goblins
  4 hobgoblins (D:2)
  3 jackals (D:1)
  6 kobolds
  A quokka (D:2)
  2 ball pythons
  2 bats
  5 frilled lizards
  12 rats
89 creatures vanquished.

Vanquished Creatures (others)
  An orc (D:3)
1 creature vanquished.

Grand Total: 90 creatures vanquished

Notes
Turn   | Place    | Note
-------+----------+-------------------------------------------
     0 | D:1      | KristoblXynda the Draconian Gladiator began the quest for
                  | the Orb.
     0 | D:1      | Reached XP level 1. HP: 19/19 MP: 1/1
   117 | D:1      | Reached XP level 2. HP: 12/26 MP: 2/2
  1142 | D:2      | Reached XP level 3. HP: 28/33 MP: 3/3
  1409 | D:2      | Reached skill level 4 in Long Blades
  1409 | D:2      | Reached XP level 4. HP: 29/40 MP: 4/4
  2273 | D:3      | Reached XP level 5. HP: 46/46 MP: 5/5
  2379 | D:3      | Found a faded altar of an unknown god.
  2541 | D:3      | Found a blossoming altar of Fedhas.
  2633 | D:3      | Reached skill level 5 in Long Blades
  2636 | D:3      | Reached XP level 6. HP: 51/53 MP: 6/6
  2862 | D:3      | Killed from afar by an orc priest

Skill      XL: |  1  2  3  4  5  6 |
---------------+-------------------+-----
Throwing       | 2 |  2.0
Dodging        | 3 4 |  4.1
Fighting       | 4 |  4.9
Long Blades    | 4 5 |  5.6

Action                   |  1- 3 |  4- 6 || total
-------------------------+-------+-------++-------
Melee: Long sword        |   128 |    52 ||   180
       Tailslap          |     9 |    24 ||    33
       Scimitar          |       |   109 ||   109
  Use: Scroll            |     1 |     5 ||     6
       Potion            |       |     2 ||     2
 Stab: Sleeping          |     3 |       ||     3
  Eat: Chunk             |     5 |     9 ||    14
Armor: Skin              |    29 |    25 ||    54
Dodge: Dodged            |   105 |   132 ||   237
Block: Other             |    21 |    29 ||    50
       Reflection        |     1 |     2 ||     3
